 Dungeon Crawl Stone Soup version 0.23.1 (webtiles) character file.

Game seed: 9207133934400739583

185 sking99 the Insei (level 5, 0/33 HPs)
             Began as an Octopode Transmuter on Mar 4, 2019.
             Slain by an orc
             ... wielding a +0 short sword
              (3 damage)
             ... on level 3 of the Dungeon.
             The game lasted 00:06:39 (3309 turns).

sking99 the Insei (Octopode Transmuter)             Turns: 3309, Time: 00:06:40

Health: 0/33       AC:  1    Str:  9    XL:     5   Next: 64%
Magic:  4/9        EV: 13    Int: 17    God:
Gold:   163        SH:  0    Dex: 12    Spells: 3/9 levels left

rFire    . . .     SeeInvis .     - Unarmed
rCold    . . .     Gourm    .   (no shield)
rNeg     . . .     Faith    .   (helmet restricted)
rPois    .         Spirit   .   (no amulet)
rElec    .         Reflect  .   (no ring)
rCorr    .         Harm     .   (no ring)
MR       .....                  (no ring)
Stlth    ++........             (no ring)
HPRegen  0.11/turn              (no ring)
MPRegen  0.11/turn              (no ring)
                                (no ring)
                                (no ring)

@: flying, very slightly contaminated
A: almost no armour, stealthy swim, amphibious, 8 rings, constrict 8, camouflage
1, gelatinous body 1
a: no special abilities


You were on level 3 of the Dungeon.
You were not hungry.

You visited 1 branch of the dungeon, and saw 3 of its levels.

You collected 163 gold pieces.

Inventory:

Missiles
 a - 39 arrows
Wands
 e - a wand of flame (12)
Scrolls
 b - 2 scrolls of teleportation {unknown}
 f - a scroll of remove curse {unknown}
 h - 2 scrolls of amnesia {unknown}
 j - 2 scrolls of identify {unknown}
 k - a scroll of blinking {unknown}
Potions
 d - a potion of haste {unknown}
 g - a potion of invisibility {unknown}
 i - a potion of flight
Comestibles
 c - 4 rations


   Skills:
 - Level 1.6 Fighting
 - Level 2.3 Dodging
 + Level 4.3 Unarmed Combat
 + Level 2.8 Spellcasting
 - Level 3.0 Transmutations
 - Level 2.0 Poison Magic


You had 3 spell levels left.
You knew the following spells:

 Your Spells              Type           Power        Failure   Level  Hunger
a - Beastly Appendage     Tmut           ##....       4%          1    #......
b - Sticks to Snakes      Tmut           ##......     8%          2    ##.....
c - Spider Form           Tmut/Pois      ##........   19%         3    ###....

Your spell library contained the following spells:

 Spells                   Type           Power        Failure   Level  Hunger
 Ice Form                 Ice/Tmut       #.......     67%         4    #####..
 Blade Hands              Tmut           ##........   80%         5    ######.


Dungeon Overview and Level Annotations

Branches:
Dungeon (3/15)

Altars:
Dithmenos
Yredelemnul


Innate Abilities, Weirdness & Mutations

You cannot wear most types of armour.
You are very stealthy in the water. (Stealth+)
You are amphibious.
You can wear up to eight rings at the same time.
You can use your tentacles to constrict eight enemies at once.
Your skin changes colour to match your surroundings (Stealth+).
Your rubbery body absorbs attacks. (AC +1, EV +1)


Message History

You hit the orc priest but do no damage.
The orc priest is severely wounded.
Your transformation has ended.
The orc priest invokes the aid of Beogh against you.
Pain shoots through your body!
* * * LOW HITPOINT WARNING * * *
You barely miss the orc priest. Your grab misses the orc priest.
The orc priest is almost dead.
You kill the orc priest!
Training target 3.0 for Transmutations reached!
Your Transmutations skill increases to level 3!
An orc comes into view. It is wielding a +0 short sword.
The orc shouts!
It was a potion of flight.
You feel very buoyant.
You fly up into the air.
You tentacle-slap the orc but do no damage.
You grab the orc. You constrict the orc.
The orc hits you with a +0 short sword.
You die...

.....÷##########..#
.................##
...................
.......†........#
.....).)........#
......#####...###
###.### # #.#..# #..
....#.)#########.#
#..
........o@.s)......
#..
...#.###..########...
#. .. #. #..# . #.
##.# # ... ... ....
#..


You could see an orc and a giant cockroach.

Vanquished Creatures
  An orc priest (D:3)
  Crazy Yiuf (D:2)
  4 gnolls (D:2)
  2 adders (D:2)
  3 worms (D:2)
  2 dart slugs (D:1)
  3 leopard geckos
  2 orcs (D:3)
  2 giant cockroaches (D:1)
  6 goblins
  12 hobgoblins
  8 kobolds
  2 quokkas (D:2)
  2 ball pythons
  4 bats
  A frilled lizard (D:1)
  A rat (D:2)
56 creatures vanquished.

Notes
Turn   | Place    | Note
-------+----------+-------------------------------------------
     0 | D:1      | sking99 the Octopode Transmuter began the quest for the
                  | Orb.
     0 | D:1      | Reached XP level 1. HP: 13/13 MP: 3/3
   330 | D:1      | Reached XP level 2. HP: 18/18 MP: 3/5
   994 | D:1      | Learned a level 2 spell: Sticks to Snakes
  1135 | D:1      | Reached XP level 3. HP: 23/23 MP: 6/6
  1297 | D:2      | Learned a level 3 spell: Spider Form
  2016 | D:2      | Reached XP level 4. HP: 28/28 MP: 7/7
  2032 | D:2      | Reached skill level 1 in Poison Magic
  2282 | D:2      | Found a basalt altar of Yredelemnul.
  2410 | D:2      | Reached skill level 4 in Unarmed Combat
  2678 | D:2      | Found a shadowy altar of Dithmenos.
  2891 | D:2      | Reached XP level 5. HP: 24/33 MP: 4/8
  2900 | D:2      | Found a runed translucent door.
  2901 | D:2      | Noticed Crazy Yiuf
  2985 | D:2      | Killed Crazy Yiuf
  3309 | D:3      | Slain by an orc

Skill      XL: |  1  2  3  4  5 |
---------------+----------------+-----
Poison Magic   | 1 2 |  2.0
Unarmed Combat | 4 |  4.3
Transmutations | 3 |  3.0
Fighting       | |  1.6
Dodging        | |  2.3
Spellcasting   | |  2.8

Action                   |  1- 3 |  4- 6 || total
-------------------------+-------+-------++-------
Melee: Unarmed           |    66 |    92 ||   158
       Constrict         |    20 |     7 ||    27
       Kick              |     8 |       ||     8
       Tentacles         |    15 |     5 ||    20
       Punch             |     1 |     2 ||     3
 Cast: Beastly Appendage |    12 |       ||    12
       Spider Form       |     1 |    10 ||    11
  Use: Potion            |     1 |     1 ||     2
 Stab: Sleeping          |     7 |     1 ||     8
  Eat: Chunk             |     2 |     7 ||     9
Armor: Skin              |     2 |     5 ||     7
Dodge: Dodged            |    28 |    40 ||    68
